 Dungeon Crawl Stone Soup version 0.26.1-11-gd32895ea62 (webtiles) character file.

Game seed: 9343179621702876119

37 Zeld the Insei (level 3, -1/23 HPs)
             Began as an Octopode Transmuter on May 26, 2021.
             Slain by a white imp (2 damage)
             ... on level 2 of the Dungeon.
             The game lasted 00:01:37 (1301 turns).

Zeld the Insei (Octopode Transmuter)                Turns: 1301, Time: 00:01:38

Health: -1/23      AC:  1    Str: 10    XL:     3   Next: 41%
Magic:  6/6        EV: 13    Int: 15    God:
Gold:   85         SH:  0    Dex: 12    Spells: 1/7 levels left

rFire    . . .     SeeInvis .     - Unarmed
rCold    . . .     Faith    .   (no shield)
rNeg     . . .     Spirit   .   (helmet currently unavailable)
rPois    .         Reflect  .   (no amulet)
rElec    .         Harm     .   (no ring)
rCorr    .         Rampage  .   (no ring)
Will     .....                  (no ring)
Stlth    ++........             (no ring)
HPRegen  0.07/turn              (no ring)
MPRegen  0.10/turn              (no ring)
                                (no ring)
                                (no ring)

@: appendages (expiring)
A: almost no armour, stealthy swim, amphibious, 8 rings, constrict 8, tentacle
spike 3, camouflage 1, gelatinous body 1
a: End Transformation


You were on level 2 of the Dungeon.
One of your tentacles had a temporary spike.
You visited 1 branch of the dungeon, and saw 2 of its levels.

You collected 85 gold pieces.

Inventory:

Jewellery
 f - an uncursed ring of ice {unknown}
Scrolls
 a - a scroll of magic mapping {unknown}
 b - 3 scrolls of remove curse {unknown}
 d - a scroll of blinking {unknown}
 e - 4 scrolls of identify {unknown}
Potions
 c - a potion of flight {unknown}
 g - a potion of attraction {unknown}
 h - a potion of lignification {unknown}


   Skills:
 + Level 1.5 Fighting
 + Level 2.3 Dodging
 - Level 3.0 Unarmed Combat
 * Level 2.5 Spellcasting
 * Level 2.7 Transmutations


You had one spell level left.
You knew the following spells:

 Your Spells              Type           Power        Failure   Level
a - Beastly Appendage     Tmut           20%          7%          1
b - Wereblood             Tmut           10%          11%         2
c - Spider Form           Tmut/Pois      2%           36%         3

Your spell library contained the following spells:

 Spells                   Type           Power        Failure   Level
 Ice Form                 Ice/Tmut       5%           77%         4
 Blade Hands              Tmut           5%           88%         5


Dungeon Overview and Level Annotations

Branches:
Dungeon (2/15)

Altars:


Innate Abilities, Weirdness & Mutations

You cannot wear most types of armour.
You are very stealthy in the water. (Stealth+)
You are amphibious.
You can wear up to eight rings at the same time.
You can use your tentacles to constrict eight enemies at once.
Your skin changes colour to match your surroundings (Stealth+).
Your rubbery body absorbs attacks. (AC +1, EV +1)
One of your tentacles bears a large vicious spike.


Message History

You tentacle-slap the white imp but do no damage.
You pierce the white imp, but do no damage.
The white imp is moderately wounded.
You constrict the white imp, but do no damage.
The giant cockroach bites you but does no damage.
The white imp hits you. The white imp freezes you.
The giant cockroach closely misses you.
You tentacle-slap the white imp but do no damage.
The white imp is moderately wounded.
You constrict the white imp. The giant cockroach misses you.
The white imp hits you.
* * * LOW HITPOINT WARNING * * *
The white imp freezes you.
* * * LOW HITPOINT WARNING * * *
You tentacle-slap the white imp but do no damage.
You squeeze the white imp, but do no damage.
The white imp is heavily wounded.
You constrict the white imp, but do no damage.
The giant cockroach closely misses you. The white imp hits you.
You die...

######## #.....#
......# #.###.#
......#####†# #)#
#.........# #.#
##.?.......###.#
#................
#.....###..######
#####...?.........
#......B@......####
#......$.5###..#
..###...##.....#
#....# .##.##
#..#.# 5# ^.
......# .# .##$....
....##


You could see a white imp and a giant cockroach.

Vanquished Creatures
  An adder (D:2)
  2 dart slugs (D:1)
  3 goblins (D:1)
  A hobgoblin (D:1)
  4 jackals (D:1)
  A quokka (D:2)
  6 bats
  A frilled lizard (D:1)
  3 kobolds
  2 rats
24 creatures vanquished.

Notes
Turn   | Place    | Note
-------+----------+-------------------------------------------
     0 | D:1      | Zeld the Octopode Transmuter began the quest for the Orb.
     0 | D:1      | Reached XP level 1. HP: 13/13 MP: 3/3
   234 | D:1      | Reached XP level 2. HP: 18/18 MP: 3/5
   300 | D:1      | Learned a level 2 spell: Wereblood
   874 | D:1      | Reached XP level 3. HP: 23/23 MP: 6/6
   878 | D:1      | Learned a level 3 spell: Spider Form
  1300 | D:2      | HP: 1/23 [white imp (5)]
  1301 | D:2      | Slain by a white imp

Illustrated notes

Levels and vault maps discovered:
D:1:      dpeg_arrival_rhombus, layout_loops_ring
D:2:      layout_loops_ring

Action                   || total
-------------------------++-------
Melee: Unarmed           ||    54
       Constrict         ||    21
       Kick              ||    14
       Tentacles         ||     9
 Cast: Beastly Appendage ||    19
 Stab: Sleeping          ||     6
Armor: Skin              ||     6
Dodge: Dodged            ||    45
